Build Order

Why is there no SALT encoding or Overwolf build?

  14    Supply Depot  
  15    Barracks  
  16    Refinery  
  19    Orbital Command  
  19    Reaper  
  20  1:40  Command Center  
  20    Supply Depot  
  21    Barracks Reactor  
  23  2:29  Factory  
  24  2:37  Command Center  
  30    Refinery  
  30  3:14  Starport  
  33    Barracks Tech Lab  
  33  3:39  Liberator  
  34  3:44  Refinery x2  
  36    Orbital Command  
  42  4:10  Barracks x2  
  44    Factory Reactor  
  45  4:28  Stimpack  
  48  4:38  Engineering Bay x2  
  56  5:03  Barracks x2  
  56    Factory Reactor  
  59  5:21  Terran Infantry Armor Level 1, Terran Infantry Weapons Level 1  
  62    Orbital Command, Factory Reactor  
  69  5:54  Barracks Reactor x2  
  84  6:17  Medivac x2  
  93    Combat Shields  
  90  6:25  Armory  
  91  6:29  Refinery  
  93    Widow Mine x2  
  124  7:24  Terran Infantry Weapons Level 2, Terran Infantry Armor Level 2  
Spawning Tool Build Advisor. Get it on Overwolf

Go to:

Details

  • Created by: Baobabs
  • Published on: Dec 08, 2015
  • Modified on: Dec 08, 2015
  • Patch: Pre-3.8.0
Show

Export as new Build Order

Comments (1)

On Dec. 9, 2015, 8:11 p.m., Baobabs  said:

Why are you guys here? Go away

Create an account to comment!